Map: Frost LE

Players

TCO

  • Race: Zerg Zerg
  • League: Platinum

Maulakai - Winner!

  • Race: Terran Terran
  • League: Platinum

VOD

Have the link to the VOD?

Description

Time

  • Played on: Nov. 9, 2016, 9:15 a.m.
  • Length: 8:15
Show
View Real Time Build Order
Export as new Build Order

TCO Zerg 

Build Orders: Hatch First 

Get SALT Encoding   

  12  0:01  Drone  
  13  0:08  Drone  
  14  0:17  Overlord  
  14  0:35  Drone x2  
  15  0:36  Drone  
  17  0:54  Hatchery  
  16  0:58  Drone  
  16  1:00  Drone  
  16  1:04  Extractor  
  17  1:18  Spawning Pool  
  16  1:20  Drone  
  16  1:24  Drone  
  18  1:29  Drone  
  19  1:42  Overlord  
  19  1:58  Drone  
  20  2:05  Queen  
  20  2:06  Queen  
  20  2:08  Zergling x4  
  26  2:11  Metabolic Boost  
  26  2:25  Drone  
  26  2:26  Drone x2  
  29  2:33  Roach Warren  
  28  2:51  Drone x2  
  30  2:56  Overlord  
  30  2:57  Drone x2  
  30  2:58  Drone  
  33  3:07  Queen  
  33  3:09  Overlord  
  34  3:35  Queen  
  34  3:39  Roach x3  
  34  3:40  Roach x4  
  50  3:49  Zergling x2  
  50  3:51  Overlord x2  
  51  4:15  Zergling x2  
  51  4:16  Zergling x12  
  58  4:27  Zergling x2  
  58  4:28  Zergling x10  
  64  4:39  Overlord x2  
  64  4:49  Ravager x2  
  64  4:50  Ravager  
  67  4:53  Overlord x2  
  65  5:10  Zergling x2  
  65  5:11  Zergling x10  
  64  5:18  Zergling x2  
  64  5:19  Zergling x2  
  66  5:27  Hatchery  
  55  5:51  Zergling x8  
  56  6:02  Zergling x16  
  54  6:23  Lair  
  54  6:26  Extractor  
  54  6:28  Spore Crawler  
  54  6:29  Drone  
  54  6:30  Spore Crawler, Drone x3  
  55  6:44  Queen  
  57  6:49  Drone  
  57  6:50  Drone x4  
  62  6:54  Extractor  
  61  7:02  Drone  
  61  7:03  Drone x3  
  65  7:10  Spore Crawler  
  65  7:14  Overlord  
  65  7:15  Overlord x2  
  64  7:23  Spore Crawler  
  64  7:27  Hydralisk Den  
  64  7:28  Overlord x3  
  62  7:43  Extractor  
  61  7:45  Spore Crawler  
  60  7:55  Roach x6  
Show
View Real Time Build Order
Export as new Build Order

Maulakai Terran - Winner!

Build Orders:  

Get SALT Encoding   

  12  0:02  SCV  
  13  0:14  SCV  
  13  0:18  Supply Depot  
  14  0:26  SCV  
  15  0:39  SCV  
  15  0:41  Barracks  
  16  0:46  Refinery  
  16  0:51  SCV  
  17  1:04  SCV  
  18  1:16  SCV  
  19  1:30  Orbital Command  
  19  1:32  Reaper  
  20  1:37  Barracks  
  20  1:42  Refinery  
  20  1:50  Supply Depot  
  20  2:04  Reaper  
  21  2:13  SCV  
  22  2:26  Factory  
  22  2:29  Barracks Reactor  
  22  2:34  Engineering Bay  
  22  2:52  Marine  
  22  2:56  SCV  
  24  3:05  Command Center  
  24  3:08  SCV  
  25  3:13  Armory  
  25  3:15  Starport  
  25  3:38  SCV  
  26  3:42  Marine x2  
  26  3:43  Hellion  
  30  3:57  Supply Depot x2  
  30  3:59  Supply Depot  
  30  4:01  SCV  
  31  4:17  Medivac, Marine x2, Hellion x2  
  39  4:26  Orbital Command  
  39  4:29  SCV  
  40  4:34  Liberator  
  40  4:35  Terran Vehicle Weapons Level 1  
  40  4:37  Marine  
  41  4:38  Marine  
  44  4:45  Hellion  
  47  4:56  Hellion  
  49  5:02  Marine x2  
  29  5:29  Liberator  
  29  5:38  Bunker  
  29  5:44  Marine x2  
  29  5:45  Hellion x2  
  37  6:02  Marine  
  38  6:16  Marine, Orbital Command  
  38  6:17  Hellion x2  
  43  6:33  Marine  
  43  6:35  Medivac  
  46  6:49  Supply Depot  
  46  7:11  Marine x2, Hellion x2, SCV x2  
  54  7:16  Supply Depot  
  54  7:22  Supply Depot  
  54  7:37  Medivac, Marine x2, Hellion x2  
Tags
 
Add a new tag
Caveats
  • Supply blocks, unpowered buildings, or Contaminate may cause inaccurate times.
  • Supply counts are checked every 10 seconds.